 Dungeon Crawl Stone Soup version 0.26-a0-660-gc07710193c (webtiles) character file.

Game seed: 13821835314691779010

36 polo the Chopper (level 3, -17/33 HPs)
             Began as a Hill Orc Fighter on Oct 6, 2020.
             Blown up by Ijyb (26 damage)
             ... with a disintegration bolt
             ... on level 3 of the Dungeon.
             The game lasted 00:01:37 (1497 turns).

polo the Chopper (Hill Orc Fighter)                 Turns: 1497, Time: 00:01:38

Health: -17/33     AC:  6    Str: 19    XL:     3   Next: 37%
Magic:  3/3        EV:  7    Int:  8    God:
Gold:   110        SH:  9    Dex: 10    Spells: 2/2 levels left

rFire    . . .     SeeInvis .   a - +0 war axe
rCold    . . .     Faith    .   c - +0 kite shield
rNeg     . . .     Spirit   .   b - +0 scale mail
rPois    .         Reflect  .   (no helmet)
rElec    .         Harm     .   (no cloak)
rCorr    .         Rampage  .   (no gloves)
MR       .....                  (no boots)
Stlth    ..........             (no amulet)
HPRegen  0.11/turn              (no ring)
MPRegen  0.08/turn              (no ring)

@: no status effects
A: no striking features
a: no special abilities


You were on level 3 of the Dungeon.
You visited 1 branch of the dungeon, and saw 3 of its levels.

You collected 110 gold pieces.

Inventory:

Hand Weapons
 a - a +0 war axe (weapon)
Armour
 b - a +0 scale mail (worn)
 c - a +0 kite shield (worn)
Jewellery
 i - an uncursed ring of see invisible {unknown}
 m - a cursed ring of teleportation {unknown}
Scrolls
 e - a scroll of enchant armour {unknown}
 f - 2 scrolls of enchant weapon {unknown}
 h - 3 scrolls of teleportation {unknown}
 j - a scroll of random uselessness {unknown}
 k - a scroll of amnesia {unknown}
 l - a scroll of identify {unknown}
Potions
 d - a potion of might
 g - a potion of haste {unknown}
 n - a potion of berserk rage {unknown}


   Skills:
 + Level 4.2 Fighting
 * Level 4.3 Axes
 - Level 3.2 Armour
 - Level 3.2 Shields


You had 2 spell levels left.
You didn't know any spells.
Your spell library was empty.

Dungeon Overview and Level Annotations

Branches:
Dungeon (3/15)

Altars:

Annotations:
D:3 Ijyb


Message History

Ijyb hits you but does no damage.
Your shield and scale mail prevent you from hitting Ijyb.
Ijyb is heavily wounded.
Ijyb hits you but does no damage. You block Ijyb's attack.
You hit Ijyb.
Ijyb is severely wounded.
Ijyb screams, "You nasty!
Big nasty!"
Ijyb hits you but does no damage.
You slash Ijyb!
Ijyb is almost dead.
Ijyb hits you with a +0 club.
* * * LOW HITPOINT WARNING * * *
You hit Ijyb but do no damage.
Ijyb is almost dead.
Ijyb hits you but does no damage.
You closely miss Ijyb.
Ijyb is almost dead.
Ijyb zaps a wand.
You are blasted!
Ouch! That really hurt!
You die...

## #### ... #..
...##### #.#
.......######.##
##.$........#
#..@######..###.#
#..g..##.........#
##...###.##..###.#
##.## #.##..... #.
#.###.<##.# #. #.#
#.# #+ #.####.##.#
#..<......#
######.####


You could see Ijyb.

Vanquished Creatures
  An adder (D:2)
  An ooze (D:1)
  A bat (D:1)
  2 giant cockroaches
  3 goblins
  3 hobgoblins
  4 frilled lizards
  3 kobolds
  4 rats
22 creatures vanquished.

Notes
Turn   | Place    | Note
-------+----------+-------------------------------------------
     0 | D:1      | polo the Hill Orc Fighter began the quest for the Orb.
     0 | D:1      | Reached XP level 1. HP: 19/19 MP: 1/1
    98 | D:1      | Reached XP level 2. HP: 21/27 MP: 2/2
   608 | D:1      | You fall into a shaft and drop 1 floor!
   991 | D:2      | Reached XP level 3. HP: 28/33 MP: 3/3
  1085 | D:2      | Found a faded altar of an unknown god.
  1487 | D:3      | Noticed Ijyb
  1497 | D:3      | Blown up by Ijyb

Illustrated notes

Levels and vault maps discovered:
D:1:      nagdon_arrival_double_spiral, layout_basic, minmay_heptomino_d4
D:2:      layout_rooms, chequers_ecumenical_altar_island,
          hangedman_decor_diamond_cutter
D:3:      layout_loops_corners, ebering_ghost_sewer_f,
          kennysheep_generic_room_14, uniq_ijyb

Skill      XL: |  1  2 |
---------------+-------+-----
Axes           | 3 4 |  4.3
Fighting       | 4 |  4.2
Armour         | |  3.2
Shields        | |  3.2

Action                   || total
-------------------------++-------
Melee: War axe           ||    70
Armor: Scale mail        ||    29
Dodge: Dodged            ||     9
Block: Kite shield       ||    38

Table legend: (Time is in decaauts)
 A = Elapsed time spent in this place.
 B = Non-inter-level travel time spent in this place.
 C = Inter-level travel time spent in this place.
 D = Time resting spent in this place.
 E = Time spent auto-exploring this place.
 F = Levels seen in this place.
 G = Mean time per level.
                   A        B        C        D        E       F      G
               +--------+--------+--------+--------+--------+-----+--------+
         Total |   1525 |   1421 |    104 |      0 |   1241 |   3 |  508.3 |
       Dungeon |   1525 |   1421 |    104 |      0 |   1241 |   3 |  508.3 |
               +--------+--------+--------+--------+--------+-----+--------+

Top non-repeatable levels by time:
     D:1: 889 daAuts
     D:2: 609 daAuts
     D:3: 26 daAuts
